 Dungeon Crawl Stone Soup version 0.24-a0-201-gf205589 (console) character file.

Game seed: 15729807605531036328

2111 Voker57 the Slasher (level 9, -10/69 HPs)
             Began as a Demonspawn Gladiator on Mar 22, 2019.
             Was a Follower of Makhleb.
             Mangled by Harold
             ... wielding a +2 war axe of electrocution
              (12 damage)
             ... on level 7 of the Dungeon.
             The game lasted 00:12:45 (8281 turns).

Voker57 the Slasher (Demonspawn Gladiator)          Turns: 8281, Time: 00:12:46

Health: -10/69     AC: 16    Str: 15    XL:     9   Next: 7%
Magic:  0/12       EV: 11    Int:  9    God:    Makhleb [*.....]
Gold:   443        SH:  0    Dex: 18    Spells: 8/8 levels left

rFire    . . .     SeeInvis .   a - +1 long sword
rCold    . . .     Gourm    .   (no shield)
rNeg     . . .     Faith    .   q - +3 chain mail {rPois}
rPois    +         Spirit   +   c - +1 helmet
rElec    .         Reflect  .   (no cloak)
rCorr    .         Harm     .   (no gloves)
MR       +....                  (no boots)
Stlth    ..........             (no amulet)
HPRegen  0.21/turn              g - +2 ring of evasion
MPRegen  0.13/turn              j - ring of protection from magic

@: no status effects
A: claws 2, iridescent scales 1, nightstalker 1, magic shield
a: Renounce Religion


You were on level 7 of the Dungeon.
You worshipped Makhleb.
Makhleb was aware of your devotion.
You were not hungry.

You visited 2 branches of the dungeon, and saw 8 of its levels.
You also visited: Ossuary.

You collected 443 gold pieces.

Inventory:

Hand Weapons
 a - a +1 long sword (weapon)
 k - a +0 flail
Missiles
 I - 10 tomahawks (quivered)
Armour
 b - a +0 leather armour
 c - a +1 helmet (worn)
 q - a +3 chain mail of poison resistance (worn)
Jewellery
 g - a +2 ring of evasion (left claw)
 j - a ring of protection from magic (right claw)
 l - a +2 ring of dexterity
 p - an uncursed ring of ice
 x - an uncursed ring of protection from cold
 H - a cursed amulet of inaccuracy
Wands
 d - a wand of iceblast (11)
 r - a wand of acid (9)
 t - a wand of polymorph (6)
 v - a wand of clouds (1)
Scrolls
 e - 2 scrolls of teleportation
 h - 4 scrolls of identify
 m - 3 scrolls of amnesia
 s - a scroll of fog
 u - a scroll of enchant armour
 w - a scroll of enchant weapon
 y - a scroll of remove curse
 G - a scroll of fear
Potions
 i - 4 potions of curing
 n - a potion of magic {unknown}
 o - a potion of resistance
 z - 3 potions of flight
 A - 2 potions of brilliance {unknown}
 B - a potion of cancellation {unknown}
 C - a potion of haste
 D - 2 potions of degeneration {unknown}
 E - a potion of berserk rage {unknown}
 F - 2 potions of invisibility {unknown}
Comestibles
 f - 14 rations


   Skills:
 + Level 5.6 Fighting
 * Level 7.5 Long Blades
 - Level 1.7 Throwing
 + Level 3.1 Armour
 + Level 5.5 Dodging
 + Level 4.4 Invocations


You had 8 spell levels left.
You didn't know any spells.
Your spell library was empty.

Dungeon Overview and Level Annotations

Branches:
Dungeon (7/15)             Temple (1/1) D:4

Altars:
Ashenzari
Cheibriados
Dithmenos
Gozag
Kikubaaqudgha
Makhleb
Nemelex Xobeh
Okawaru
Qazlal
Ru
Sif Muna
Trog
Uskayaw
Vehumet
Wu Jian
Yredelemnul
Zin

Annotations:
D:7 Harold


Innate Abilities, Weirdness & Mutations

You have very sharp fingernails.
You are partially covered in iridescent scales. (AC +2)
You are slightly more attuned to the shadows.
When hurt, damage is shared between your health and your magic reserves.


Message History

You slash Harold!
Harold is almost dead.
Harold hits you but does no damage.
You hit Harold but do no damage.
Harold is almost dead.
Harold hits you with a +2 war axe of electrocution.
You are electrocuted!!
You hit Harold but do no damage.
Harold is almost dead.
Harold hits you with a +2 war axe of electrocution.
You are electrocuted!!
* * * LOW HITPOINT WARNING * * *
You catch the helpless Harold completely off-guard!
You hit Harold.
Harold is almost dead.
You feel better.
Harold hits you with a +2 war axe of electrocution!
* * * LOW HITPOINT WARNING * * *
You are electrocuted!
You die...

#######.#.#>#
#.........#.#
#####.#####.....#
#.....# #.....####...
#.##### #............
#.# ###<######... #.#
#.# #.# #.# ###.#####
##'## #.......# ##.@@##
#...#.#.# ##.....##
#...#.#.# ##.......##
#.......###.........###
#....(....'.........'...
##.#...####.........####
#...... ##.......##
#.##.# ##.....## #. #.
##...## #. ##'##


You could see Harold (confused).

Vanquished Creatures
  A wraith (D:7)
  An orc warrior (D:6)
  An ice beast (D:7)
  2 ogres
  2 centaurs (D:7)
  Blork the orc (D:6)
  A wyvern zombie (D:6)
  3 water moccasin zombies (Ossuary)
  4 wights (D:6)
  A howler monkey (D:5)
  A quasit (D:6)
  A centaur zombie (D:7)
  A jelly (D:7)
  4 hounds
  5 orc priests
  3 bullfrog skeletons
  A gnoll shaman (D:7)
  4 orc wizards
  An iguana (D:5)
  A worker ant (D:4)
  A big kobold zombie (Ossuary)
  A hound skeleton (D:5)
  2 mummies (Ossuary)
  2 worker ant zombies
  4 gnolls (D:7)
  5 adders
  An adder skeleton (D:4)
  5 adder zombies
  4 worms
  A dart slug (D:1)
  7 leopard geckos
  22 orcs
  4 bats
  7 giant cockroaches
  2 gnoll zombies (Ossuary)
  7 goblins
  3 hobgoblins (D:1)
  9 jackals
  A quokka (D:6)
  6 frilled lizards
  10 hobgoblin zombies (Ossuary)
  10 kobolds
  4 kobold zombies (Ossuary)
  A leopard gecko zombie (D:5)
  3 orc zombies (Ossuary)
  8 rats
169 creatures vanquished.

Vanquished Creatures (others)
  An orc wizard (D:4)
1 creature vanquished.

Grand Total: 170 creatures vanquished

Notes
Turn   | Place    | Note
-------+----------+-------------------------------------------
     0 | D:1      | Voker57 the Demonspawn Gladiator began the quest for the
                  | Orb.
     0 | D:1      | Reached XP level 1. HP: 16/16 MP: 1/1
   117 | D:1      | Reached skill level 3 in Long Blades
   117 | D:1      | Gained mutation: When hurt, damage is shared between your
                  | health and your magic reserves. [demonic ancestry]
   117 | D:1      | Reached XP level 2. HP: 12/22 MP: 2/2
   811 | D:2      | Gained mutation: You are slightly more attuned to the
                  | shadows. [demonic ancestry]
   811 | D:2      | Reached XP level 3. HP: 28/28 MP: 3/3
  1179 | D:2      | Found an opulent altar of Gozag.
  1996 | D:3      | Reached XP level 4. HP: 34/34 MP: 4/4
  2250 | D:3      | Found a faded altar of an unknown god.
  2556 | D:4      | Noticed an ogre
  2582 | D:4      | Reached skill level 4 in Long Blades
  2586 | D:4      | Gained mutation: You are partially covered in iridescent
                  | scales. (AC +2) [demonic ancestry]
  2586 | D:4      | Reached XP level 5. HP: 22/41 MP: 2/5
  2592 | D:4      | Killed an ogre
  2802 | D:4      | Found a stormy altar of Qazlal.
  2982 | D:4      | Found a staircase to the Ecumenical Temple.
  3034 | D:4      | Found a sand-covered staircase.
  3044 | Ossuary  | Entered an ossuary
  3076 | Ossuary  | Reached XP level 6. HP: 14/47 MP: 3/6
  3091 | Ossuary  | Reached skill level 5 in Long Blades
  4549 | D:4      | Gained mutation: You have sharp fingernails. [demonic
                  | ancestry]
  4549 | D:4      | Reached XP level 7. HP: 54/54 MP: 7/7
  4703 | D:5      | Entered Level 5 of the Dungeon
  4747 | Temple   | Entered the Ecumenical Temple
  4992 | Temple   | Became a worshipper of Makhleb the Destroyer
  5370 | D:5      | Reached skill level 1 in Invocations
  5555 | D:5      | Reached skill level 6 in Long Blades
  5635 | D:5      | Reached skill level 1 in Armour
  6790 | D:6      | Reached XP level 8. HP: 35/61 MP: 6/9
  6968 | D:6      | Noticed Blork the orc
  6980 | D:6      | Killed Blork the orc
  7023 | D:6      | Found an iron altar of Okawaru.
  7098 | D:6      | Reached skill level 5 in Fighting
  7098 | D:6      | Reached skill level 5 in Dodging
  7107 | D:6      | Reached * piety under Makhleb
  7518 | D:7      | Noticed a moth of wrath
  7521 | D:7      | Found a bloodstained altar of Trog.
  7732 | D:7      | Reached skill level 7 in Long Blades
  8135 | D:7      | Gained mutation: You have very sharp fingernails. [demonic
                  | ancestry]
  8135 | D:7      | Reached XP level 9. HP: 64/68 MP: 12/12
  8238 | D:7      | Noticed Harold
  8281 | D:7      | HP: 2/69 [Harold/+2 war axe of electrocution (12)]
  8281 | D:7      | Mangled by Harold

Levels and vault maps discovered:
D:1:      mushboom_english_gardens, layout_loops_ring
D:2:      layout_basic, nicolae_gozag_cash_rules_everything_around_me
D:3:      layout_loops_cross, chequers_ecumenical_altar_lobes
D:4:      minmay_clustersquares, layout_loops_ring, minmay_temple_entry_wispy,
          first_ration, nicolae_ossuary_entry_monument,
          nicolae_qazlal_general_emergency
D:5:      layout_layer_cave, chequers_serial_rivers_small_3
D:6:      layout_loops_ring, nicolae_overflow_hidden_temple, uniq_blork_the_orc
D:7:      layout_loops_corners, minmay_misc_feat_chi, tgw_trog, uniq_harold
Temple:   minmay_temple_curvy_branch
Ossuary:  ossuary_tomb_2

Skill      XL: |  1  2  3  4  5  6  7  8 |
---------------+-------------------------+-----
Long Blades    | 3 4 5 6 7 |  7.5
Dodging        | 3 4 5 |  5.5
Fighting       | 3 4 5 |  5.6
Invocations    | 2 4 |  4.4
Armour         | 1 3 |  3.1
Throwing       | |  1.7

Action                   |  1- 3 |  4- 6 |  7- 9 || total
-------------------------+-------+-------+-------++-------
Melee: Long sword        |   135 |   214 |   343 ||   692
Throw: Throwing net      |       |     3 |       ||     3
       Tomahawk          |       |       |     7 ||     7
Evoke: Wand              |       |       |     5 ||     5
  Use: Potion            |     1 |     5 |     1 ||     7
       Scroll            |       |    13 |     2 ||    15
 Stab: Sleeping          |     5 |     7 |       ||    12
       Held in net/web   |       |     2 |       ||     2
       Confused          |       |       |     5 ||     5
  Eat: Chunk             |     1 |     2 |     8 ||    11
       Ration            |     1 |     2 |     1 ||     4
Armor: Leather armour    |    44 |    47 |     1 ||    92
       Chain mail        |       |       |   204 ||   204
Dodge: Dodged            |    83 |   151 |   178 ||   412
       Rpst.: Long sword |    24 |    54 |    53 ||   131

Table legend:
 A = Non-vault XP
 B = Vault XP
 C = Vault XP percentage of total XP
 D = Non-vault monster count
 E = Vault monster count
 F = Vault count percentage of total count
                 A         B        C        D         E       F
            +---------+---------+-------+---------+---------+-------
      Total |    2426 |     590 |  19.6 |     128 |      41 |  24.3
            +---------+---------+-------+---------+---------+-------
        D:1 |      40 |       0 |   0.0 |      23 |       0 |   0.0
        D:2 |      45 |       0 |   0.0 |      19 |       0 |   0.0
        D:3 |      45 |       0 |   0.0 |      12 |       0 |   0.0
        D:4 |     227 |     162 |  41.6 |      11 |       7 |  38.9
        D:5 |     284 |       0 |   0.0 |      19 |       0 |   0.0
        D:6 |     883 |      99 |  10.1 |      27 |       1 |   3.6
        D:7 |     902 |      17 |   1.8 |      17 |       5 |  22.7
    Ossuary |       0 |     312 | 100.0 |       0 |      28 | 100.0
            +---------+---------+-------+---------+---------+-------
